 Dungeon Crawl Stone Soup version 0.31-a0-174-g85c54bcb58 (webtiles) character file.

Game seed: 4052282048652234973

3989 qw the Skirmisher (level 10, -5/96 HPs)
             Began as a Naga Hunter on June 15, 2023.
             Was a Follower of Okawaru.
             Slain by a yak (8 damage)
             ... on level 8 of the Dungeon.
             The game lasted 00:02:47 (6665 turns).

qw the Skirmisher (Naga Hunter)                     Turns: 6665, Time: 00:02:47

Health: -5/96      AC:  8    Str: 13    XL:     10   Next: 22%
Magic:  8/10       EV:  8    Int:  9    God:    Okawaru [*.....]
Gold:   385        SH:  0    Dex: 20    Spells: 9/9 levels left

rFire   + . .        Y - +1 shortbow (elec)
rCold   . . .        (shield currently unavailable)
rNeg    . . .        k - +1 leather armour {rF+}
rPois   +            (no helmet)
rElec   .            c - +0 cloak
rCorr   .            (no gloves)
SInv    +            (no barding)
Will    +....        d - amulet of faith
Stlth   +++          (no ring)
HPRegen 0.36/turn    (no ring)
MPRegen 0.12/turn

%: faith
@: about to teleport, short of breath, heroic, petrifying, very slow
A: AC +3, large, see invisible, deformed body, poison resistance, slowness 2,
spit poison 1, naga tail 1
a: Spit Poison, Renounce Religion, Heroism


You were on level 8 of the Dungeon.
You worshipped Okawaru.
Okawaru was aware of your devotion.
You visited 2 branches of the dungeon, and saw 9 of its levels.

You collected 385 gold pieces.


Innate Abilities, Weirdness & Mutations

Your serpentine skin is tough. (AC +3)
You have supernaturally acute eyesight. (SInv)
Armour fits poorly on your strangely shaped body.
Your system is resistant to poisons. (rPois)
You cover ground very slowly.
You can spit poison.
You have a snake-like lower body.


   Skills:
 + Level 7.6(12.6) Fighting
 - Level 11.0(16.0) Ranged Weapons
 - Level 1.6(6.6) Armour
 - Level 4.2(9.2) Dodging
 - Level 1.5(6.5) Stealth
 + Level 0.0 Invocations


You had 9 spell levels left.
You didn't know any spells.
Your spell library was empty.

Inventory:

Hand Weapons
 Y - a +1 shortbow of electrocution (weapon)
Armour
 c - a +0 cloak (worn)
 k - a +1 leather armour of fire resistance (worn)
Jewellery
 d - an amulet of faith (around neck)
 f - an amulet of reflection
Wands
 h - a wand of digging (10)
Scrolls
 a - 3 scrolls of identify
 e - 2 scrolls of teleportation
Potions
 b - a potion of resistance
 g - a potion of heal wounds
 j - 2 potions of curing
 l - a potion of haste

Dungeon Overview and Level Annotations

Branches:
Dungeon (8/15)             Temple (1/1) D:4            Lair (0/5) D:8

Altars:
Ashenzari
Dithmenos
Elyvilon
Fedhas
Gozag
Hepliaklqana
Kikubaaqudgha
Makhleb
Nemelex Xobeh
Okawaru
Qazlal
Ru
Sif Muna
Trog
Uskayaw
Vehumet
Wu Jian
Xom
Yredelemnul
Zin
The Shining One


Message History

Press: ? - help, Shift-Dir - straight line, f - yak The splash of poison hits the yak!
The yak is poisoned.
The yak is moderately wounded.
The wyvern bites you. The water moccasin misses you. The basilisk gazes at you.
You easily resist.
The yak closely misses you. The yak gores you! The wyvern bites you!
6660 ||| INVOKING Heroism.
You gain the combat prowess of a mighty hero.
The water moccasin barely misses you. The wyvern closely misses you.
The basilisk closely misses you. The yak gores you. The yak gores you!
The water moccasin bites you.
You shoot an arrow. The arrow barely misses the yak.
The wyvern closely misses you. The water moccasin closely misses you.
The basilisk bites you but does no damage.
The yak gores you. x2
You shoot an arrow. The arrow hits the yak!
The yak is heavily wounded.
The wyvern misses you. The water moccasin closely misses you.
You shoot an arrow. The arrow hits the yak.
Lightning courses through the yak!
The yak is almost dead.
The wyvern misses you. The basilisk bites you. The yak barely misses you.
The yak gores you!
The water moccasin completely misses you.
You shoot an arrow.
The arrow hits the yak but does no damage.
The yak is almost dead.
The wyvern bites you! The basilisk gazes at you.
You are slowing down.
The yak gores you! The yak closely misses you.
The water moccasin barely misses you. The wyvern bites you.
6665 ||| READING 3 scrolls of teleportation.
As you read the scroll of teleportation, it crumbles to dust.
You feel strangely unstable.
The yak looks more healthy.
The wyvern bites you but does no damage.
The water moccasin bites you! The basilisk bites you.
The yak barely misses you. The yak gores you!
You die...

#.P.P...!...
##.P....P....
.7...P7.>..P
....P..P..7
7P......PP.
#P.l..P.PP.
.####PYlS7.....
......P@Y[.....
#######.l......
#..<###%..P..P.
......#...%........
##.##...###########
#####


You could see 2 yaks, 2 basilisks, a water moccasin and a wyvern.

Vanquished Creatures
  Sigmund (D:2)
  A yak (D:8)
  2 wyverns
  A basilisk (D:8)
  Menkaure (D:7)
  4 water moccasins (D:8)
  An orc warrior (D:7)
  4 ice beasts
  2 black bears
  2 ogres
  A phantom (D:6)
  A bullfrog (D:7)
  2 kobold brigands
  4 scorpions
  10 wights
  A howler monkey (D:7)
  2 jellies
  5 orc priests
  2 hounds (D:5)
  A sleepcap (D:5)
  4 iguanas
  9 orc wizards
  A statue (D:6)
  3 gnolls (D:4)
  6 adders
  3 white imps
  An ufetubus (D:4)
  A worm (D:4)
  3 dart slugs
  18 orcs
  6 ball pythons
  3 bats
  5 endoplasms
  2 giant cockroaches
  4 goblins
  9 hobgoblins
  6 jackals
  6 quokkas
  6 frilled lizards
  13 kobolds
  3 rats
160 creatures vanquished.

Notes
Turn   | Place    | Note
-------+----------+-------------------------------------------
     0 | D:1      | qw the Naga Hunter began the quest for the Orb.
     0 | D:1      | Reached XP level 1. HP: 19/19 MP: 1/1
     0 | D:1      | 0 ||| qw: Version: 0.2-a-29-g511e9b1
     0 | D:1      | 0 ||| qw: Game counter: 5195
     0 | D:1      | 0 ||| qw: Always use a shield: true
     0 | D:1      | 0 ||| qw: God list: Okawaru
     0 | D:1      | 0 ||| qw: Allow faded altars: false
     0 | D:1      | 0 ||| qw: Do Orc after D:15 true
     0 | D:1      | 0 ||| qw: Do second Lair branch before Depths: true
     0 | D:1      | 0 ||| qw: Lair rune preference: random
     0 | D:1      | 0 ||| qw: Plans: Normal
     0 | D:1      | 0 ||| PLANNING D:1-11
     5 | D:1      | 5 ||| INVOKING Spit Poison.
    52 | D:1      | You fall into a shaft and drop 1 floor!
    59 | D:2      | 59 ||| INVOKING Spit Poison.
    91 | D:2      | 91 ||| INVOKING Spit Poison.
    99 | D:2      | 99 ||| INVOKING Spit Poison.
   132 | D:2      | 132 ||| INVOKING Spit Poison.
   133 | D:2      | Reached skill level 4 in Ranged Weapons
   133 | D:2      | Reached XP level 2. HP: 26/26 MP: 2/2
   152 | D:2      | 152 ||| INVOKING Spit Poison.
   157 | D:2      | 157 ||| INVOKING Spit Poison.
   173 | D:2      | 173 ||| INVOKING Spit Poison.
   180 | D:2      | Noticed Sigmund
   181 | D:2      | 181 ||| INVOKING Spit Poison.
   184 | D:2      | 184 ||| INVOKING Spit Poison.
   190 | D:2      | 190 ||| READING scroll labelled PAPHULI GEOZ.
   190 | D:2      | Killed Sigmund
   191 | D:2      | Reached skill level 6 in Ranged Weapons
   191 | D:2      | Reached XP level 3. HP: 12/32 MP: 3/3
   191 | D:2      | Reached XP level 4. HP: 15/39 MP: 4/4
   191 | D:2      | Reached XP level 5. HP: 17/45 MP: 5/5
   299 | D:2      | 299 ||| READING scroll labelled NUCEOPH LIUDO.
   300 | D:2      | 300 ||| DROPPING scroll of butterflies.
   324 | D:2      | 324 ||| INVOKING Spit Poison.
   336 | D:2      | 336 ||| INVOKING Spit Poison.
   355 | D:2      | 355 ||| INVOKING Spit Poison.
   362 | D:2      | 362 ||| INVOKING Spit Poison.
   418 | D:1      | 418 ||| INVOKING Spit Poison.
   489 | D:1      | 489 ||| INVOKING Spit Poison.
   515 | D:1      | 515 ||| INVOKING Spit Poison.
   603 | D:1      | 603 ||| INVOKING Spit Poison.
   678 | D:1      | 678 ||| INVOKING Spit Poison.
   685 | D:1      | Found a faded altar of an unknown god.
   812 | D:1      | 812 ||| INVOKING Spit Poison.
   815 | D:1      | 815 ||| INVOKING Spit Poison.
   918 | D:1      | 918 ||| INVOKING Spit Poison.
  1056 | D:1      | 1056 ||| UPGRADING to amulet of faith.
  1061 | D:1      | 1061 ||| READING scroll labelled FUKANI IGRA.
  1066 | D:1      | 1066 ||| READING 3 scrolls of identify.
  1066 | D:1      | 1066 ||| IDENTIFYING bubbling dark potion
  1067 | D:1      | 1067 ||| DROPPING potion of ambrosia.
  1611 | D:2      | 1611 ||| READING scroll labelled PIPTERA TIFOBLAKE.
  1612 | D:2      | 1612 ||| DRINKING 2 silvery potions.
  1690 | D:3      | 1690 ||| INVOKING Spit Poison.
  1694 | D:3      | Reached XP level 6. HP: 55/55 MP: 6/6
  1696 | D:3      | 1696 ||| INVOKING Spit Poison.
  1700 | D:3      | 1700 ||| INVOKING Spit Poison.
  1701 | D:3      | Reached skill level 3 in Fighting
  1703 | D:3      | 1703 ||| INVOKING Spit Poison.
  1707 | D:3      | 1707 ||| INVOKING Spit Poison.
  1793 | D:3      | 1793 ||| INVOKING Spit Poison.
  1806 | D:3      | 1806 ||| INVOKING Spit Poison.
  1843 | D:3      | 1843 ||| INVOKING Spit Poison.
  1847 | D:3      | 1847 ||| INVOKING Spit Poison.
  1862 | D:3      | 1862 ||| INVOKING Spit Poison.
  1869 | D:3      | 1869 ||| INVOKING Spit Poison.
  1907 | D:3      | 1907 ||| INVOKING Spit Poison.
  1960 | D:3      | 1960 ||| INVOKING Spit Poison.
  1976 | D:3      | 1976 ||| INVOKING Spit Poison.
  1981 | D:3      | 1981 ||| INVOKING Spit Poison.
  1984 | D:3      | 1984 ||| INVOKING Spit Poison.
  1987 | D:3      | 1987 ||| INVOKING Spit Poison.
  2025 | D:3      | 2025 ||| INVOKING Spit Poison.
  2093 | D:3      | Found a glowing golden altar of the Shining One.
  2279 | D:3      | 2279 ||| INVOKING Spit Poison.
  2474 | D:4      | 2474 ||| FLEEEEING.
  2475 | D:4      | 2475 ||| FLEEEEING.
  2486 | D:4      | 2486 ||| INVOKING Spit Poison.
  2499 | D:4      | 2499 ||| INVOKING Spit Poison.
  2503 | D:4      | 2503 ||| INVOKING Spit Poison.
  2507 | D:4      | 2507 ||| INVOKING Spit Poison.
  2512 | D:4      | 2512 ||| INVOKING Spit Poison.
  2634 | D:4      | 2634 ||| INVOKING Spit Poison.
  2637 | D:4      | 2637 ||| INVOKING Spit Poison.
  2675 | D:4      | Found a staircase to the Ecumenical Temple.
  2676 | D:4      | 2676 ||| PLANNING TEMPLE
  2676 | D:4      | 2676 ||| READING scroll labelled SOAD XIVE ZIN.
  2677 | D:4      | 2677 ||| READING 4 scrolls of identify.
  2677 | D:4      | 2677 ||| IDENTIFYING emerald potion
  2686 | Temple   | Entered the Ecumenical Temple
  2800 | Temple   | 2800 ||| PLANNING D:1-11
  3131 | D:4      | 3131 ||| INVOKING Spit Poison.
  3139 | D:4      | 3139 ||| INVOKING Spit Poison.
  3245 | D:4      | 3245 ||| INVOKING Spit Poison.
  3302 | D:4      | 3302 ||| INVOKING Spit Poison.
  3306 | D:4      | 3306 ||| INVOKING Spit Poison.
  3475 | D:4      | 3475 ||| READING 2 scrolls labelled OLEMUITICK.
  3476 | D:4      | 3476 ||| READING 3 scrolls of identify.
  3476 | D:4      | 3476 ||| IDENTIFYING ruby potion
  3477 | D:4      | 3477 ||| DROPPING scroll of fear.
  3478 | D:4      | 3478 ||| DROPPING potion of invisibility.
  3504 | D:5      | Entered Level 5 of the Dungeon
  3507 | D:5      | 3507 ||| INVOKING Spit Poison.
  3510 | D:5      | 3510 ||| INVOKING Spit Poison.
  3511 | D:5      | Reached XP level 7. HP: 60/64 MP: 7/7
  3557 | D:5      | 3557 ||| INVOKING Spit Poison.
  3626 | D:5      | Found a hide-covered altar of Uskayaw.
  3640 | D:5      | Reached skill level 7 in Ranged Weapons
  3654 | D:5      | 3654 ||| INVOKING Spit Poison.
  3661 | D:5      | 3661 ||| INVOKING Spit Poison.
  3672 | D:5      | 3672 ||| INVOKING Spit Poison.
  3676 | D:5      | 3676 ||| INVOKING Spit Poison.
  3844 | D:5      | 3844 ||| INVOKING Spit Poison.
  3850 | D:5      | 3850 ||| INVOKING Spit Poison.
  3855 | D:5      | 3855 ||| INVOKING Spit Poison.
  3858 | D:5      | Reached skill level 8 in Ranged Weapons
  3975 | D:5      | Reached XP level 8. HP: 72/72 MP: 8/8
  4076 | D:5      | 4076 ||| DROPPING ring of wizardry.
  4077 | D:5      | 4077 ||| READING scroll labelled QUIZXU BUSHYFF.
  4082 | D:6      | 4082 ||| INVOKING Spit Poison.
  4100 | D:6      | 4100 ||| INVOKING Spit Poison.
  4103 | D:6      | 4103 ||| Stepping ~*~*~tactically~*~*~ (outnumbered).
  4105 | D:6      | 4105 ||| INVOKING Spit Poison.
  4110 | D:6      | 4110 ||| INVOKING Spit Poison.
  4114 | D:6      | 4114 ||| INVOKING Spit Poison.
  4170 | D:6      | 4170 ||| INVOKING Spit Poison.
  4177 | D:6      | 4177 ||| INVOKING Spit Poison.
  4238 | D:6      | Found a white marble altar of Elyvilon.
  4241 | D:6      | Found an ancient bone altar of Kikubaaqudgha.
  4258 | D:6      | 4258 ||| INVOKING Spit Poison.
  4266 | D:6      | 4266 ||| INVOKING Spit Poison.
  4270 | D:6      | 4270 ||| INVOKING Spit Poison.
  4278 | D:6      | 4278 ||| INVOKING Spit Poison.
  4283 | D:6      | 4283 ||| Stepping ~*~*~tactically~*~*~ (outnumbered).
  4285 | D:6      | 4285 ||| INVOKING Spit Poison.
  4290 | D:6      | 4290 ||| INVOKING Spit Poison.
  4435 | D:6      | 4435 ||| INVOKING Spit Poison.
  4438 | D:6      | 4438 ||| INVOKING Spit Poison.
  4534 | D:6      | Reached skill level 9 in Ranged Weapons
  4584 | D:6      | Reached skill level 3 in Dodging
  4588 | D:6      | HP: 4/70 [wight/+0 great sword (18)]
  4589 | D:6      | 4589 ||| READING 4 scrolls of teleportation.
  4590 | D:6      | 4590 ||| DRINKING 2 potions of heal wounds.
  4743 | D:6      | Found a radiant altar of Vehumet.
  4747 | D:6      | 4747 ||| INVOKING Spit Poison.
  4754 | D:6      | Reached skill level 6 in Fighting
  4754 | D:6      | Reached XP level 9. HP: 81/82 MP: 9/9
  5058 | D:6      | 5058 ||| UPGRADING to +1 leather armour of fire resistance.
  5068 | D:6      | 5068 ||| DROPPING +0 leather armour.
  5069 | D:6      | 5069 ||| READING scroll labelled VENUOT TUVVEMO.
  5070 | D:6      | 5070 ||| READING 4 scrolls of identify.
  5070 | D:6      | 5070 ||| IDENTIFYING yellow potion
  5071 | D:6      | 5071 ||| READING 3 scrolls of identify.
  5071 | D:6      | 5071 ||| IDENTIFYING puce potion
  5115 | D:7      | 5115 ||| INVOKING Spit Poison.
  5133 | D:7      | 5133 ||| INVOKING Spit Poison.
  5141 | D:7      | 5141 ||| INVOKING Spit Poison.
  5236 | D:7      | Noticed Menkaure
  5238 | D:7      | 5238 ||| INVOKING Spit Poison.
  5246 | D:7      | Killed Menkaure
  5247 | D:7      | Reached skill level 10 in Ranged Weapons
  5297 | D:7      | 5297 ||| INVOKING Spit Poison.
  5299 | D:7      | 5299 ||| Stepping ~*~*~tactically~*~*~ (outnumbered).
  5300 | D:7      | 5300 ||| INVOKING Spit Poison.
  5304 | D:7      | 5304 ||| INVOKING Spit Poison.
  5309 | D:7      | 5309 ||| INVOKING Spit Poison.
  5741 | D:6      | 5741 ||| Stepping randomly (stuck).
  5875 | D:7      | 5875 ||| Stepping ~*~*~tactically~*~*~ (outnumbered).
  5876 | D:7      | 5876 ||| INVOKING Spit Poison.
  5883 | D:7      | 5883 ||| Stepping ~*~*~tactically~*~*~ (outnumbered).
  5884 | D:7      | 5884 ||| INVOKING Spit Poison.
  5895 | D:7      | 5895 ||| INVOKING Spit Poison.
  5926 | D:7      | 5926 ||| INVOKING Spit Poison.
  5977 | D:7      | 5977 ||| INVOKING Spit Poison.
  6014 | D:7      | 6014 ||| INVOKING Spit Poison.
  6042 | D:7      | 6042 ||| INVOKING Spit Poison.
  6062 | D:7      | 6062 ||| INVOKING Spit Poison.
  6063 | D:7      | Reached skill level 11 in Ranged Weapons
  6354 | D:7      | Found a stormy altar of Qazlal.
  6357 | D:7      | Found a sacrificial altar of Ru.
  6363 | D:7      | Found a broken altar of Ashenzari.
  6363 | D:7      | Found an ornate altar of the Wu Jian Council.
  6363 | D:7      | Found a shimmering blue altar of Sif Muna.
  6363 | D:7      | Found an iron altar of Okawaru.
  6364 | D:7      | 6364 ||| PLANNING OKAWARU WORSHIP
  6364 | D:7      | 6364 ||| UPGRADING to +0 cloak.
  6369 | D:7      | Found a bloodstained altar of Trog.
  6376 | D:7      | Became a worshipper of Warmaster Okawaru
  6377 | D:7      | 6377 ||| PLANNING D:1-11
  6470 | D:8      | Reached skill level 1 in Armour
  6473 | D:8      | Reached XP level 10. HP: 88/94 MP: 10/10
  6488 | D:8      | 6488 ||| INVOKING Spit Poison.
  6504 | D:8      | 6504 ||| INVOKING Spit Poison.
  6645 | D:8      | Found a staircase to the Lair.
  6648 | D:8      | 6648 ||| INVOKING Spit Poison.
  6653 | D:8      | 6653 ||| INVOKING Spit Poison.
  6658 | D:8      | Reached * piety under Okawaru
  6659 | D:8      | 6659 ||| INVOKING Spit Poison.
  6660 | D:8      | 6660 ||| INVOKING Heroism.
  6664 | D:8      | HP: 13/96 [wyvern (13)]
  6665 | D:8      | 6665 ||| READING 3 scrolls of teleportation.
  6665 | D:8      | HP: 4/96 [water moccasin (5)]
  6665 | D:8      | Slain by a yak

Levels and vault maps discovered:
D:1:      minmay_arrival_open_corners, layout_loops_corners,
          ebering_ecumenical_altar_hall
D:2:      layout_basic, chequers_garden, uniq_sigmund
D:3:      layout_basic, mainiacjoe_overflow_24_doors
D:4:      wad_woods_pond, layout_basic, minmay_temple_entry_tees
D:5:      layout_cave_pools, eat_drink_and_be_merry_uskayaw,
          nicolae_letterblocks [nicolae_letter_subblock,
          nicolae_letter_subblock, nicolae_letter_subblock,
          nicolae_letter_subblock, nicolae_letter_subblock,
          nicolae_letter_subblock, nicolae_letter_subblock,
          nicolae_letter_subblock, nicolae_letter_subblock,
          nicolae_letter_subblock, nicolae_letter_subblock,
          nicolae_letter_subblock, nicolae_letter_subblock,
          nicolae_letter_subblock, nicolae_letter_subblock,
          nicolae_letter_subblock, nicolae_letter_subblock,
          nicolae_letter_subblock, nicolae_letter_subblock,
          nicolae_letter_subblock, nicolae_letter_subblock,
          nicolae_letter_subblock, nicolae_letter_subblock,
          nicolae_letter_subblock, nicolae_letter_subblock]
D:6:      layout_basic, vehumet_statue, nicolae_overflow_hidden_temple
D:7:      layout_loops_ring, minitemple, eino_small_chamber_without_monster,
          uniq_menkaure
D:8:      layout_loops_cross, minmay_lair_entry_grove,
          hellmonk_ghost_happy_afterlife, serial_bayou, serial_bayou_pond_b,
          serial_bayou_lagoon_a, serial_bayou_pond_b, serial_bayou_lake_a
Temple:   nicolae_temple_figure_zero

Skill      XL: |  1  2  3  4  5  6  7  8  9 10 |
---------------+-------------------------------+-----
Ranged Weapons | 4 6 8 9 11 | 11.0
Fighting       | 4 6 7 |  7.6
Dodging        | 2 3 4 |  4.2
Armour         | 1 |  1.6
Stealth        | |  1.5

Action                     |  1- 3 |  4- 6 |  7- 9 | 10-12 || total
---------------------------+-------+-------+-------+-------++-------
   Fire: Shortbow          |    22 |   110 |   229 |    34 ||   395
 Invoke: Heroism           |       |       |       |     1 ||     1
Ability: Spit Poison       |    10 |    45 |    40 |     5 ||   100
    Use: Scroll            |     1 |     8 |     5 |     1 ||    15
         Potion            |       |     1 |     1 |       ||     2
 Armour: Leather armour    |       |    11 |    17 |    16 ||    44
  Dodge: Dodged            |     2 |    26 |    47 |    33 ||   108

Table legend:
 A = Non-vault XP
 B = Vault XP
 C = Vault XP percentage of total XP
 D = Non-vault monster count
 E = Vault monster count
 F = Vault count percentage of total count
                 A         B        C        D         E       F
            +---------+---------+-------+---------+---------+-------
      Total |    4039 |    1660 |  29.1 |     150 |      10 |   6.2
            +---------+---------+-------+---------+---------+-------
        D:1 |      38 |       0 |   0.0 |      21 |       0 |   0.0
        D:2 |      41 |     231 |  84.9 |      17 |       1 |   5.6
        D:3 |     200 |       0 |   0.0 |      24 |       0 |   0.0
        D:4 |      79 |       0 |   0.0 |      11 |       0 |   0.0
        D:5 |     648 |       0 |   0.0 |      17 |       0 |   0.0
        D:6 |    1213 |      32 |   2.6 |      32 |       1 |   3.0
        D:7 |    1820 |     172 |   8.6 |      28 |       1 |   3.4
        D:8 |       0 |    1225 | 100.0 |       0 |       7 | 100.0
            +---------+---------+-------+---------+---------+-------
